cohdb
Replays
Latest Replays
All Replays
Popular Replays
Top Player Replays
Match Explorer
How It Works
Community
CoH3 Stats
Reddit
Sign in to upload your games and track your stats! →
Sign in with Steam
Match 38337328
Unlisted
Match 38337328
Overview
Messages
Build Orders
End
Royal Engineer Section
Selects Australian Defense Battlegroup
Selects Australian Light Infantry Section
Australian Light Infantry Section
Vickers Machine Gun Team
Australian Light Infantry Section
Construct Section Command Post
Construct Platoon Command Post
Selects CMP 15cwt Supply Run
CMP 15cwt Supply Run
Humber Armored Car
Construct Company Command Post
Selects 2-pounder Anti-tank Gun Team
Foot Guards Section
Construct Field Infirmary
Selects Reinforced Resource Caches
Matilda II Heavy Tank
Selects Charged Creeping Barrage
Matilda II Heavy Tank
Armored Vehicle Training
BIOHAZARD
Gorgolo
0
0
Comments
sign in to comment!
No comments posted yet!